[Event "Early-Titled-Tuesday-Blitz-July-09-2024"]
[Site "Chess.com"]
[Date "2024.07.09"]
[Round "3"]
[White "SahibSinghKnight"]
[Black "champ2005"]
[Result "0-1"]
[WhiteElo "2675"]
[BlackElo "3050"]
[TimeControl "180+1"]
[EndTime "8:31:02 PDT"]
[Termination "champ2005 won by resignation"]

1. e4 Nc6 2. Nf3 e5 3. Bb5 Nge7 4. O-O Ng6 5. c3 a6 6. Ba4 d5 7. exd5 Qxd5 8. Bb3 Qd3 9. Bc2 Qd6 10. Re1 Be7 11. Na3 Be6 12. d3 O-O 13. Nc4 Bxc4 14. dxc4 f5 15. Qxd6 Bxd6 16. b4 e4 17. c5 Be7 18.
Ng5 Bxg5 19. Bxg5 h6 20. Be3 Nge5 21. Rad1 Kh8 22. Rd5 Rad8 23. Red1 Rxd5 24. Rxd5 Rd8 25.
Rxd8+ Nxd8 26. Bf4 Ndc6 27. Ba4 Kg8 28. Bxc6 Nxc6 29.
Bxc7 Kf7 30. a4 Na7 31. c4 Ke6 32. b5 axb5 33. cxb5 Kd5 34. c6 Nxc6 35. bxc6 Kxc6 36. Be5 g6 37. Kf1 Kc5 38. Ke2 Kb4 39. Bg7 h5 40.
Ke3 Kxa4 41. Kf4 b5 42. Kg5 b4 43. Kxg6 f4 44. Bd4 b3 45. Kf5 e3 46. fxe3 fxe3 47.
Bxe3 b2 48. Kg5 b1=Q 49. Kxh5 Qe4 50. Bg5 Qxg2 51. h4 Kb5 52. Kg6 Qe4+ 53. Kf6 Qh7 54. Ke5 Qh5 55. Kf4 Kc6 56. Kg3 Kd7 57. Kf4 Ke8 58.
Ke5 Kf7 59. Kf5 Kg7 60. Ke5 Kg6 61. Ke6 Qe2+ 62. Kd5 Kf5 63. Kd6 Qe6+ 64. Kc5 Ke4 65. Kb5 Qd5+ 66. Kb4 Qc6 67. Ka5 Kd5 68. Kb4 Qc4+ 69.
Ka3 Qb5 70. Ka2 Kc4 71. Ka1 Kd3 0-1

[Event "Early-Titled-Tuesday-Blitz-July-09-2024"]
[Site "Chess.com"]
[Date "2024.07.09"]
[Round "3"]
[White "karinachess1"]
[Black "RedFirePanda"]
[Result "1-0"]
[WhiteElo "2687"]
[BlackElo "2464"]
[TimeControl "180+1"]
[EndTime "8:31:12 PDT"]
[Termination "karinachess1 won by checkmate"]

1. d4 d5 2. c4 dxc4 3. Nf3 Nf6 4. e3 c6 5. Bxc4 Nbd7 6. O-O Nb6 7. Bb3 Bf5 8. Nc3 e6 9. Qe2 Be7 10. h3 h6 11. e4 Bh7 12. Bf4 O-O 13. Rad1 Rc8 14. Rfe1 Qd7 15. Ne5 Qe8 16. Bc2 Nbd7 17. Nc4 Nb6 18.
Nd6 Bxd6 19. Bxd6 Qd7 20. Bxf8 Rxf8 21. e5 Bxc2 22. Qxc2 Nfd5 23. Ne4 Nc8 24. g3 Rd8 25. a3 Nde7 26. Nc5 Qc7 27. Qe4 Nb6 28. Rc1 Nd7 29. Nd3 Nb6 30. Red1 Nf5 31. Nc5 Nd7 32. b4 Nb6 33.
Nb3 Qe7 34. Na5 Rd5 35. Rc5 Rd7 36. Rc2 Rd5 37. Nb3 Qd8 38. Rcd2 Nc4 39. Ra2 Nxe5 40. Kg2 Nc4 41. a4 a5 42. bxa5 Nxa5 43. Nxa5 Qxa5 44. Rb2 Qxa4 45. Rd3 Nd6 46. Qf4 Qc4 47. Rbd2 b5 48. Qe3 b4 49. Rb3 Nf5 50. Qd3 Qxd3 51. Rdxd3 Nxd4 52. Rxb4 c5 53. Rb8+ Kh7 54. Rc8 Kg6 55. g4 Kf6 56. h4 g5 57. h5 Ke7 58. Rh8 c4 59.
Rc3 Rc5 60. Rxh6 Ne2 61. Rc2 Nd4 62. Rc3 Nb5 63. Rc1 c3 64. Rh8 c2 65. Ra8 Nd4 66.
Ra2 Kf6 67. Rb2 Ke5 68. h6 Kf6 69. h7 Kg7 70. Rh1 c1=Q 71. h8=Q+ Kg6 72. Rh6# 1-0

[Event "Early-Titled-Tuesday-Blitz-July-09-2024"]
[Site "Chess.com"]
[Date "2024.07.09"]
[Round "3"]
[White "burbur555"]
[Black "ploxoi"]
[Result "1/2-1/2"]
[WhiteElo "2737"]
[BlackElo "2486"]
[TimeControl "180+1"]
[EndTime "8:31:14 PDT"]
[Termination "Game drawn by stalemate"]

1. c4 e6 2. g3 d5 3. Bg2 c6 4.
Nf3 Nf6 5. Qc2 Nbd7 6. O-O b6 7. b3 Bb7 8. Bb2 Bd6 9. d3 O-O 10. Rd1 e5 11. e4 dxe4 12. dxe4 Qe7 13. Nbd2 Rfd8 14.
Nf1 Ba3 15. Nh4 Bxb2 16. Qxb2 g6 17. Ne3 Nf8 18. b4 N6d7 19. b5 Ne6 20. bxc6 Bxc6 21. Nd5 Bxd5 22. exd5 Nd4 23. Nf3 Nxf3+ 24. Bxf3 Qd6 25.
a4 Rdc8 26. Be2 a5 27. h4 h5 28. Rab1 Rab8 29. Bf1 Rc5 30. Qa3 Nf6 31. Re1 Ne8 32. Qb2 f6 33. Rbd1 Qc7 34. Qb1 Kg7 35. Bd3 Qf7 36.
f4 exf4 37. gxf4 Nd6 38. Re2 Nxc4 39. Bxg6 Qc7 40. Bf5 Kh8 41. Qe4 Rg8+ 42. Kh1 Nd6 43. Qe6 Nxf5 44. Qxf5 Qh7 45. Qxf6+ Qg7 46. Qxg7+ Kxg7 47. d6 Rd8 48. Re5 Rc6 49. d7 Rc7 50. Rxh5 Rcxd7 51.
Rg1+ Kf6 52. Rh6+ Kf5 53. Rxb6 Kxf4 54. Rb5 Rd5 55. Rf1+ Kg4 56. Rg1+ Kxh4 57. Rgb1 Kg4 58. Rxd5 Rxd5 59. Kg2 Kf4 60. Rb3 Rd2+ 61. Kf1 Ra2 62. Ke1 Rxa4 63. Kd1 Ra2 64. Kc1 Ke4 65. Kb1 Ra4 66.
Rb2 Kd4 67. Ra2 Rb4+ 68. Kc2 a4 69. Rb2 Kc4 70. Rxb4+ Kxb4 71. Kb2 a3+ 72. Ka2 Ka4 73. Ka1 Kb3 74. Kb1 a2+ 75. Ka1 Ka3 1/2-1/2

[Event "Early-Titled-Tuesday-Blitz-July-09-2024"]
[Site "Chess.com"]
[Date "2024.07.09"]
[Round "3"]
[White "Crazy_girl99"]
[Black "Bauman_Guy"]
[Result "0-1"]
[WhiteElo "2629"]
[BlackElo "2960"]
[TimeControl "180+1"]
[EndTime "8:31:18 PDT"]
[Termination "Bauman_Guy won by resignation"]

1. Nf3 Nf6 2. g3 d5 3. Bg2 c6 4. O-O Bg4 5. d4 Nbd7 6. h3 Bh5 7. c4 e6 8. cxd5 cxd5 9. Nc3 Bd6 10. Qb3 Qb6 11. Nb5 Bb8 12. Be3 O-O 13. Rfc1 Ne4 14. g4 Bg6 15. Nh4 a6 16. Nxg6 hxg6 17. Nc3 Nxc3 18. Rxc3 Qd6 19. Qxb7 Ra7 20. Qc6 Qh2+ 21. Kf1 Nf6 22. f3 Rc7 23. Qxa6 Rxc3 24. bxc3 Ne8 25.
Rb1 Nd6 26. Qd3 Nc4 27. Bg1 Qf4 28. e3 Qd6 29. Bf2 Bc7 30. Rb4 Ra8 31. a4 Qc6 32. e4 Bd6 33. exd5 exd5 34. Rb1 Rxa4 35. f4 Bxf4 36.
Kg1 Ra2 37. Qf3 Qf6 38. Rf1 Rc2 39. Qxd5 Rxc3 40. Be1 Rc1 41. Qe4 g5 42. h4 Be3+ 43. Kh1 Qxf1+ 44. Bxf1 Rxe1 45. Kg2 Nd6 46. Qa8+ Kh7 47.
hxg5 Bxg5 48. Bd3+ g6 49. Qd5 Be7 50. Qa5 Re3 51.
Bf1 Kg7 52. d5 Re5 53. Qa1 Bf6 54. Qa7 Rxd5 55. Be2 Rd4 56. Bf3 Rf4 57. Kg3 g5 58.
Qb8 Be5 59. Kg2 Rd4 60. Qa8 Bf6 61. Bd5 Rd2+ 62. Kg3 Rd4 63. Kg2 Rxg4+ 64. Kf2 Rd4 65. Bf3 Rf4 66. Ke2 Nf5 67. Qb8 Nd4+ 68. Ke3 Nxf3 69.
Qb7 Ne5 70. Ke2 Nc4 71. Qc6 Ne5 72. Qb7 g4 73. Qa7 g3 74. Qg1 Rg4 75. Ke3 g2 76.
Kf2 Ng6 77. Kf3 Rg5 78. Kf2 Bd4+ 0-1

[Event "Early-Titled-Tuesday-Blitz-July-09-2024"]
[Site "Chess.com"]
[Date "2024.07.09"]
[Round "3"]
[White "Ditman2007"]
[Black "kleinebeer98"]
[Result "0-1"]
[WhiteElo "2713"]
[BlackElo "2946"]
[TimeControl "180+1"]
[EndTime "8:31:22 PDT"]
[Termination "kleinebeer98 won by checkmate"]

1. e4 e5 2. Nf3 Nc6 3. Bb5 f5 4. Nc3 fxe4 5. Nxe4 Nf6 6. Qe2 d5 7.
Nxf6+ gxf6 8. d3 Bg7 9. Bd2 O-O 10. Bxc6 bxc6 11. Bb4 Re8 12. Nd2 Rb8 13. Ba3 f5 14. O-O e4 15. c3 Ba6 16. c4 dxc4 17. dxe4 Bxb2 18. Bxb2 Rxb2 19. Rfd1 Qd3 20. Qh5 Rf8 21. Nf3 Qc2 22. Kh1 Qxe4 23. Ng5 Qe7 24. Re1 Qg7 25. Ne6 Qg6 26. Qxg6+ hxg6 27. Nxf8 Kxf8 28. Kg1 c3 29. Rac1 c2 30. Re3 Bb5 31. a3 f4 32.
Re4 Bd3 33. Ree1 Rb3 34. Ra1 c5 35. f3 c4 36. Kf2 c3 37. h4 Rb2 38. Rec1 Rb6 39.
g3 fxg3+ 40. Kxg3 Kg7 41. Re1 Rb1 42. Rc1 Kf6 43. a4 a5 44. Kf4 Rb4+ 45. Ke3 Bf5 46. Rh1 c5 47. Rac1 Rxa4 48. h5 gxh5 49. Rxh5 Rd4 50. Rh6+ Kg5 51. Rhh1 Rd3+ 52. Ke2 Kf4 53. Rh4+ Kg3 54. Rh5 Rd2+ 55. Ke3 Rd1 56. Rh1 Rd3+ 57. Ke2 Rxf3 58. Rcg1+ Kf4 59. Rh4+ Ke5 60. Kxf3 Bd3 61. Ra4 Kd5 62. Rc1 c4 63. Rxa5+ Kd4 64. Ra8 Be4+ 65.
Kf4 Bxa8 66. Rxc2 Kd3 67. Rc1 c2 68. Ra1 Kd2 69. Ke5 Bc6 70. Kd4 Bb5 71. Kc5 c1=Q 72. Ra2+ Qc2 73. Kxb5 Qxa2 74. Kc5 Qc2 75. Kd4 c3 76. Ke5 Qb2 77. Kd6 c2 78. Ke7 c1=Q 79.
Kf7 Qc7+ 80. Kf8 Qbg7+ 81. Ke8 Qc8# 0-1

[Event "Early-Titled-Tuesday-Blitz-July-09-2024"]
[Site "Chess.com"]
[Date "2024.07.09"]
[Round "3"]
[White "invisible_s0ul"]
[Black "Shuvalov"]
[Result "1-0"]
[WhiteElo "2385"]
[BlackElo "2583"]
[TimeControl "180+1"]
[EndTime "8:31:23 PDT"]
[Termination "invisible_s0ul won by resignation"]

1. e4 c5 2. Nf3 d6 3. d4 cxd4 4.
Nxd4 Nf6 5. Nc3 g6 6. Be3 Bg7 7.
Qd2 O-O 8. f3 Nc6 9. g4 Be6 10.
O-O-O Nxd4 11. Bxd4 Qa5 12. Kb1 Rfc8 13. a3 a6 14. h4 b5 15. h5 b4 16. Nd5 Bxd5 17. exd5 Nxd5 18. Bxg7 Nc3+ 19. Bxc3 bxc3 20. Qd5 Qb6 21.
b3 Rab8 22. hxg6 hxg6 23. Qd4 Qxd4 24. Rxd4 a5 25. a4 Kg7 26. Bb5 Rh8 27. Rdd1 g5 28.
Kc1 Kf6 29. Rde1 d5 30. Kd1 e6 31. Ke2 Ke5 32. Kd3+ Kf4 33. Kxc3 Rbc8+ 34. Kd2 Kxf3 35. Be2+ Kf4 36. Ref1+ Ke5 37. Rxh8 Rxh8 38. Rxf7 Kd6 39. Rg7 Rh2 40. Rxg5 Kc5 41. Re5 Kd6 42. Re3 e5 43.
g5 Rg2 44. Rh3 Rxg5 45. Rh6+ Kc5 46. Bb5 Kd4 47. Rh4+ e4 48. c3+ Kc5 49. Be2 Rg2 50.
Rh8 Rg3 51. Rc8+ Kb6 52. Rb8+ Kc5 53. Ra8 Kb6 54. Rb8+ Kc5 55. Rb5+ Kc6 56. Rxa5 Rh3 57. Ra6+ Kc7 58. Re6 Rh1 59. b4 Ra1 60. a5 Kd7 61.
Rh6 Kc7 62. a6 Kd7 63. b5 Ra2+ 64. Ke3 Ra3 65. Kd4 Ra2 66. Bg4+ Ke7 67. Kxd5 e3 68. Re6+ Kf7 69. Rxe3 Ra5 70. Kc6 Ra4 71. Be6+ Kf6 72. c4 Ra1 73. Bd5 Kf5 74. Re7 Kf6 75.
Rf7+ Ke5 76. a7 Ra3 77. Kb7 Kd6 78. a8=Q Rxa8 79. Kxa8 1-0

[Event "Early-Titled-Tuesday-Blitz-July-09-2024"]
[Site "Chess.com"]
[Date "2024.07.09"]
[Round "3"]
[White "Radislav_Atanasov"]
[Black "komogro"]
[Result "1-0"]
[WhiteElo "2381"]
[BlackElo "2515"]
[TimeControl "180+1"]
[EndTime "8:31:27 PDT"]
[Termination "Radislav_Atanasov won on time"]

1. e4 g6 2. d4 Bg7 3. Nf3 d6 4.
Be2 Nc6 5. O-O Nf6 6. Nbd2 O-O 7. c3 e5 8. Re1 Nd7 9. dxe5 Ndxe5 10. Nxe5 Nxe5 11.
f4 Nc6 12. Nf3 f5 13. e5 dxe5 14. Bc4+ Kh8 15. Qxd8 Nxd8 16. fxe5 Be6 17. Bb3 Bxb3 18. axb3 Ne6 19. Ng5 Rfe8 20. Ra5 a6 21. Rd5 Kg8 22. Nxe6 Rxe6 23. Rd7 Bxe5 24. Bf4 Rae8 25. Bxe5 Rxe5 26.
Rxe5 Rxe5 27. Rxc7 Re2 28. Rxb7 Rxb2 29. c4 Kf8 30. h3 a5 31. c5 Ke8 32. c6 Kd8 33. Kh2 Rc2 34. Rxh7 Rxc6 35. Ra7 Rb6 36. Rxa5 Rxb3 37. Ra7 Ke8 38. h4 Rb4 39. g3 Rb6 40. Kg2 Kf8 41. Kf3 Rf6 42. Kf4 Rf7 43. Ra8+ Kg7 44.
Kg5 Re7 45. Ra6 Kf7 46. Rf6+ Kg7 47. Rxg6+ Kf7 48. Rf6+ Kg7 49. Rxf5 Re3 50. g4 Re4 51. h5 Ra4 52. Rb5 Ra6 53. Rb7+ Kg8 54. h6 Ra5+ 55. Kh4 Ra4 56. Kh5 Ra5+ 57. g5 Ra1 58. Kg6 Ra6+ 59.
Kh5 Ra1 60. Rb4 Ra2 61. Kg6 Ra6+ 62. Kh5 Ra1 63. Rb5 Ra2 64. Kg6 Ra6+ 65. Kh5 Ra1 66. Rf5 Ra2 67. Kg6 Ra6+ 68. Rf6 Ra7 69. h7+ Rxh7 70. Rf8+ Kxf8 71. Kxh7 1-0

[Event "Early-Titled-Tuesday-Blitz-July-09-2024"]
[Site "Chess.com"]
[Date "2024.07.09"]
[Round "3"]
[White "Meri-Arabidze"]
[Black "Happy1712Drummer"]
[Result "1/2-1/2"]
[WhiteElo "2682"]
[BlackElo "2476"]
[TimeControl "180+1"]
[EndTime "8:31:30 PDT"]
[Termination "Game drawn by stalemate"]

1. d4 d5 2. c4 e6 3. Nc3 c5 4. cxd5 cxd4 5. Qxd4 Nc6 6. Qd1 exd5 7. Qxd5 Bd6 8. Nf3 Nf6 9. Qd1 O-O 10. g3 Bb4 11.
Qxd8 Rxd8 12. Bd2 Bg4 13. Bg2 Rac8 14. a3 Ba5 15. b4 Bb6 16. Rd1 Rc7 17. O-O Bxf3 18.
Bxf3 Ne5 19. Kg2 Nxf3 20. exf3 Rxd2 21. Rxd2 Rxc3 22. a4 g6 23. a5 Bc7 24. Re1 Kf8 25.
Rd4 b6 26. Ra1 Rc2 27. f4 Ng4 28. Rd7 Rxf2+ 29. Kh3 h5 30. Kh4 Rxh2+ 31. Kg5 Rc2 32. f5 Bxg3 33. fxg6 fxg6 34. Rxa7 bxa5 35. R1xa5 Re2 36.
Kxg6 h4 37. Ra8+ Re8 38. Rxe8+ Kxe8 39. Ra8+ Ke7 40. b5 h3 41. Rh8 h2 42. b6 Nf2 43.
Rh7+ Ke6 44. b7 h1=Q 45. Rxh1 Nxh1 46. Kg5 Bb8 47. Kg4 Nf2+ 48. Kf3 Nd3 49. Ke4 Nc5+ 50. Kd4 Nxb7 51. Ke4 Nd6+ 52. Kd4 Ba7+ 53. Kd3 Kd5 54.
Ke2 Ke4 55. Kf1 Be3 56. Kg2 Kf4 57. Kh1 Kf3 58. Kh2 Nf5 59. Kh1 Bf2 60. Kh2 Kg4 61.
Kg2 Bg3 62. Kh1 Ne3 63. Kg1 Kf3 64. Kh1 Bf2 65. Kh2 Nf5 66. Kh1 Bg3 67. Kg1 Nh4 68.
Kh1 Ng6 69. Kg1 Nf4 70. Kh1 Bf2 71. Kh2 Ne2 72. Kh1 Ng3+ 73. Kh2 Be3 74. Kh3 Bg1 75. Kh4 Kg2 76. Kg4 Be3 77. Kh4 Kf3 78. Kh3 Bg1 79.
Kh4 Nf5+ 80. Kh3 Ne3 81. Kh4 Kg2 82. Kh5 Kg3 83. Kg5 Bf2 84. Kh5 Nf5 85. Kg5 Nh4 86.
Kh5 Be3 1/2-1/2

[Event "Early-Titled-Tuesday-Blitz-July-09-2024"]
[Site "Chess.com"]
[Date "2024.07.09"]
[Round "3"]
[White "chessdjw"]
[Black "ACollins05"]
[Result "1-0"]
[WhiteElo "2770"]
[BlackElo "2491"]
[TimeControl "180+1"]
[EndTime "8:31:32 PDT"]
[Termination "chessdjw won by checkmate"]

1. Nf3 b5 2. e4 a6 3. d4 Bb7 4. Bd3 e6 5. O-O c5 6. c3 Nf6 7. Re1 Be7 8. Nbd2 d6 9. Nf1 Nbd7 10. Ng3 O-O 11. h3 Re8 12. a4 c4 13. Bc2 Qc7 14. Bf4 Bf8 15. e5 dxe5 16. dxe5 Bxf3 17. Qxf3 Nd5 18. Qe4 g6 19. Bg5 Bg7 20. f4 Nc5 21. Qf3 b4 22. Ne4 b3 23. Bb1 Rab8 24. Kh1 h6 25. Bh4 Nxe4 26. Bxe4 Ne7 27. Rad1 Rbd8 28.
Rxd8 Rxd8 29. Rd1 Rxd1+ 30. Qxd1 Nf5 31. Bf2 g5 32. Bxf5 exf5 33. Qd5 gxf4 34. Bd4 Kf8 35. a5 Ke8 36. Qa8+ Ke7 37. Qxa6 Bxe5 38. Bxe5 Qxe5 39.
Qa7+ Kd8 40. a6 Qe1+ 41. Qg1 Qe5 42. a7 Qa5 43. Qd4+ Ke7 44. Kh2 f3 45. gxf3 Qa2 46. Qe3+ Kf8 47. Qxh6+ Ke7 48. Qg5+ Ke6 49. Qe3+ Kf6 50.
Qd4+ Kg6 51. Qd6+ f6 52. Qg3+ Kf7 53. Qf2 Kg6 54. f4 Kh5 55. Kg3 Qa1 56. Qe2+ Kg6 57. Qxc4 Qe1+ 58. Kg2 Qd2+ 59. Kf1 Qd1+ 60. Kf2 Qd2+ 61.
Kf3 Qd1+ 62. Qe2 Qd5+ 63. Kf2 Qc5+ 64. Qe3 Qa5 65. Qg3+ Kf7 66. Qe3 Qa2 67. Kg3 Qa1 68.
c4 Qa6 69. h4 Qa1 70. h5 Kg7 71. Kh2 Kh6 72. Kh3 Kxh5 73. Qf3+ Kg6 74. a8=Q Qxb2 75. Qg3+ Kh7 76. Qag8+ Kh6 77. Qh4# 1-0

[Event "Early-Titled-Tuesday-Blitz-July-09-2024"]
[Site "Chess.com"]
[Date "2024.07.09"]
[Round "3"]
[White "BogdanDeac"]
[Black "NikitaShnadrygin"]
[Result "1/2-1/2"]
[WhiteElo "3014"]
[BlackElo "2749"]
[TimeControl "180+1"]
[EndTime "8:31:39 PDT"]
[Termination "Game drawn by repetition"]

1. Nf3 Nf6 2. c4 g6 3. Nc3 d5 4. cxd5 Nxd5 5. g3 Bg7 6. Bg2 O-O 7. O-O Nb6 8. d3 Nc6 9. Be3 e5 10. Rc1 h6 11. Ne4 Nd5 12. Bc5 Re8 13. Qa4 f5 14.
Nc3 Nb6 15. Qc2 Kh7 16. Rfd1 Be6 17. Nd2 Nd4 18. Qb1 Bc8 19. Nc4 c6 20. Nd6 Rg8 21.
b4 Ne6 22. Nxc8 Rxc8 23. Qb3 Qd7 24. Na4 Nxa4 25. Qxa4 a6 26. Qb3 Rge8 27. a4 Nd4 28. Qa2 h5 29. h4 Rcd8 30. Bxd4 exd4 31. Bf3 Re5 32. Rb1 f4 33. Kg2 fxg3 34. fxg3 Rde8 35. b5 axb5 36. axb5 cxb5 37. Rb2 Qf5 38. Rf1 Qe6 39. Qxe6 R8xe6 40. Rfb1 Rb6 41. Rb4 Kh6 42. Be4 Rc5 43. R4b3 Be5 44. Rb4 Kg7 45. Kf3 Kf6 46. g4 hxg4+ 47.
Kxg4 Kg7 48. Rf1 Bf6 49. Rfb1 Re5 50. Rg1 Rc5 51. Kh3 g5 52. h5 Kh6 53. Kg4 Be5 54. Rf1 Rf6 55. Rxf6+ Bxf6 56. Bxb7 Kg7 57. Be4 Kh6 58.
Bb7 Kg7 59. Ba6 Kh6 60. Bxb5 Re5 61. Bc4 Rxe2 62. Rb6 Rf2 63. Bf7 Rf4+ 64. Kg3 Kg7 65. Bg6 Be5 66. Kg2 g4 67. Be4 Rf6 68. Rb5 Bf4 69.
Rb7+ Kh6 70. Bg6 Kg5 71. Rb5+ Kh4 72. Rb1 Be3 73. Rh1+ Kg5 74. Be4 Rf2+ 75. Kg3 Rf6 76. Kg2 Rf2+ 77. Kg3 Rf6 78. h6 Bf4+ 79. Kg2 Rxh6 80.
Rxh6 Kxh6 81. Bf5 Kg5 82. Bd7 g3 83. Bc8 Be5 84. Ba6 Bd6 85. Bc4 Bc7 86. Bd5 Kf4 87. Be4 Ke3 88. Bh7 Kd2 89. Be4 Ke3 90. Bh7 Kd2 91.
Be4 Ke3 1/2-1/2

[Event "Early-Titled-Tuesday-Blitz-July-09-2024"]
[Site "Chess.com"]
[Date "2024.07.09"]
[Round "3"]
[White "Sadykov_Ramil"]
[Black "rasmussvane"]
[Result "0-1"]
[WhiteElo "2613"]
[BlackElo "2909"]
[TimeControl "180+1"]
[EndTime "8:31:43 PDT"]
[Termination "rasmussvane won by resignation"]

1. e4 c6 2. Nf3 d5 3. Nc3 dxe4 4. Nxe4 Nf6 5. Qe2 Nxe4 6. Qxe4 Qa5 7. Bc4 Bf5 8. Qe3 e6 9. Bb3 Bd6 10. O-O O-O 11.
Nh4 Nd7 12. Nxf5 Qxf5 13. d4 Nf6 14. g3 Rfe8 15. Kg2 Rad8 16. Qf3 Qg6 17. h4 h6 18. c3 Qe4 19. Qxe4 Nxe4 20. Re1 Nf6 21. a4 Kf8 22. a5 a6 23. Kf3 Rd7 24. Bc4 Rc8 25.
b4 Re8 26. Bf4 Bxf4 27. Kxf4 Nd5+ 28. Bxd5 cxd5 29. Ke3 Rc7 30. Kd2 Rec8 31. Ra3 Ke7 32. Rb1 g5 33. hxg5 hxg5 34. b5 axb5 35. Rxb5 Kf6 36.
Rab3 Ra8 37. g4 Ra7 38. Kd3 Rc8 39. Rxb7 Rxa5 40. R3b5 Ra1 41. Rb1 Ra3 42. R1b3 Ra5 43.
R3b5 Rxb5 44. Rxb5 Rh8 45. f3 Rh2 46. Rb7 Rf2 47.
Ke3 Rc2 48. Rc7 Kg6 49. Kd3 Rh2 50. Rc6 Rg2 51. Ke3 Kf6 52. Kd3 Kg7 53. Ke3 Rh2 54.
Kd3 Kf6 55. Ke3 Rh8 56. c4 dxc4 57. Rxc4 Rd8 58. Rc6 Rd7 59. Ke4 Kg6 60. Rb6 Rd8 61. Rc6 Kg7 62. Rc5 Kf6 63. Rc6 Rd5 64. Rb6 Ra5 65. Rb7 Ra1 66. Rb6 Re1+ 67. Kd3 Kg6 68. Rb7 f5 69. gxf5+ exf5 70. d5 f4 71. Rb6+ Kf5 72.
Kd2 Re3 73. d6 Re5 74. d7 Rd5+ 75. Ke2 Rxd7 76. Rb5+ Kg6 77. Rc5 Kh5 78. Kf2 Kh4 79.
Rc8 Rd2+ 80. Ke1 Ra2 81. Rg8 Kg3 82. Rxg5+ Kxf3 83. Rf5 Ra4 84. Rg5 Ra1+ 85. Kd2 Kf2 86. Rf5 f3 87. Rg5 Ra8 88. Rg7 Rd8+ 89. Kc2 Kf1 90.
Rf7 f2 91. Rf6 Rg8 92. Rf7 Kg2 0-1

[Event "Early-Titled-Tuesday-Blitz-July-09-2024"]
[Site "Chess.com"]
[Date "2024.07.09"]
[Round "3"]
[White "ThetNaung291"]
[Black "MANOJ_MISHRA123"]
[Result "1-0"]
[WhiteElo "2446"]
[BlackElo "2247"]
[TimeControl "180+1"]
[EndTime "8:31:51 PDT"]
[Termination "ThetNaung291 won by resignation"]

1. d4 Nf6 2. c4 e6 3. Nf3 Bb4+ 4. Bd2 Qe7 5. a3 Bxd2+ 6. Qxd2 d6 7. Nc3 Nbd7 8. e3 b6 9. Be2 Bb7 10. O-O e5 11. b4 O-O 12. Rfc1 a5 13. Nb5 Ne4 14. Qb2 c5 15. bxc5 dxc5 16. d5 Nd6 17. Nc3 f5 18. Rab1 e4 19. Nd2 f4 20. Qc2 fxe3 21. fxe3 Qg5 22. Nf1 Rae8 23. Na4 Nc8 24. Qc3 Rf6 25. Nxb6 Ncxb6 26. Qxa5 Rg6 27. g3 Rf8 28. Qd2 Ne5 29. a4 Ba6 30. Rb5 Bxb5 31. cxb5 Nbc4 32. Rxc4 Nxc4 33.
Bxc4 Rgf6 34. a5 Qg4 35. d6+ Kh8 36. d7 Qh3 37. Qg2 Qxd7 38. b6 Qa4 39. Be2 Qxa5 40. b7 Qb6 41. Qxe4 Qc6 42. Qh4 Qxb7 43. Bd3 g6 44. Qc4 Qf7 45. Qc3 Kg8 46. Bc4 Rxf1+ 47. Kg2 Rf2+ 48. Kh3 Qxc4 49. Qxc4+ Kg7 50. Qxc5 R2f6 51.
Qd4 Re8 52. g4 Kf7 53. Qd7+ Re7 54. Qd5+ Kg7 55. e4 Rf3+ 56. Kg2 Rf4 57. Qd6 Rxg4+ 58. Kf3 Rgxe4 59. h3 Re3+ 60. Kg2 Re2+ 61. Kg3 R7e3+ 62. Kf4 g5+ 63. Kxg5 Re5+ 64. Kf4 R2e4+ 65. Kf3 Re3+ 66. Kf4 R5e4+ 67. Kf5 Re5+ 68. Kf4 Re6 69. Qd7+ Re7 70. Qd4+ Kg6 71. Qh8 Rf7+ 72. Kxe3 Re7+ 73. Kf4 Rf7+ 74. Kg4 Rg7 75. Qe8+ Kh6+ 76. Kf4 Rg4+ 77. Kxg4 Kg7 78. Qe7+ Kg6 79. Qe6+ 1-0

[Event "Early-Titled-Tuesday-Blitz-July-09-2024"]
[Site "Chess.com"]
[Date "2024.07.09"]
[Round "3"]
[White "UK_23"]
[Black "Feegus"]
[Result "0-1"]
[WhiteElo "2418"]
[BlackElo "2628"]
[TimeControl "180+1"]
[EndTime "8:31:55 PDT"]
[Termination "Feegus won by checkmate"]

1. e4 e5 2. Nf3 Nf6 3. Nxe5 d6 4. Nf3 Nxe4 5. Nc3 Nxc3 6. dxc3 Be7 7. Bf4 O-O 8. Qd2 Nd7 9. O-O-O Nc5 10. Kb1 Re8 11. Re1 Bf5 12. Bd3 Nxd3 13. cxd3 Qd7 14. h4 Qb5 15. Kc2 Bxd3+ 16. Qxd3 Qa4+ 17. Kb1 Qxf4 18. Re4 Qf5 19. g4 Qd7 20. Rhe1 Bf8 21. g5 Rxe4 22. Qxe4 d5 23. Qe5 Qd6 24. Qe2 c5 25. h5 Qf4 26. Rd1 Rd8 27. a3 d4 28. cxd4 cxd4 29. Rd3 Qg4 30. Qe5 Qxh5 31. Rxd4 Rc8 32. Qf5 Rc5 33.
Qd3 a5 34. Rd8 Qg6 35. Qxg6 fxg6 36. Rb8 Rf5 37. Nd4 Rxg5 38. Rxf8+ Kxf8 39. Ne6+ Ke7 40.
Nxg5 h6 41. Ne4 Ke6 42. Kc2 Kd5 43. Kd3 h5 44. b3 b5 45. Nc3+ Kc5 46. Ne4+ Kd5 47.
b4 a4 48. Nc3+ Ke5 49. Ke3 g5 50. Nxb5 g4 51. Nc3 h4 52. Ne2 g5 53. Kd3 Kd5 54.
Ke3 Ke5 55. Ng1 Kd5 56. b5 Kc5 57. b6 Kxb6 58. Kd4 Kb5 59. Ne2 Kb6 60. Kc4 Kc6 61. Kb4 Kd5 62. Kxa4 Ke4 63. Kb3 Kf3 64. Nd4+ Ke4 65. Kc4 g3 66. fxg3 h3 67. Ne6 Kf5 68.
Nd4+ Kg4 69. Nc2 h2 70. Ne3+ Kf3 71. Nc2 h1=Q 72. Nd4+ Ke4 73. a4 Qc1+ 74. Kb5 Qa1 75. Nb3 Qb1 76. Kb4 Kd5 77. a5 Kc6 78. Kc4 Kb7 79. Nd4 Qg1 80. Kd5 Qxg3 81. Ke4 Qf4+ 82. Kd5 g4 83. Ne6 Qf3+ 84. Kd6 g3 85. Nc5+ Ka8 86. Ne6 g2 87. Nd4 Qd1 88. Kc5 Qxd4+ 89. Kxd4 g1=Q+ 90. Kc4 Ka7 91. Kb4 Ka6 92. Ka4 Qg4+ 93.
Ka3 Kxa5 94. Kb3 Qd4 95. Kc2 Qe3 96. Kb2 Qd3 97. Ka2 Qc3 98. Kb1 Qd2 99. Ka1 Kb4 100.
Kb1 Kb3 101. Ka1 Qb2# 0-1

[Event "Early-Titled-Tuesday-Blitz-July-09-2024"]
[Site "Chess.com"]
[Date "2024.07.09"]
[Round "3"]
[White "prosequi"]
[Black "Fh2411"]
[Result "1/2-1/2"]
[WhiteElo "2332"]
[BlackElo "2578"]
[TimeControl "180+1"]
[EndTime "8:32:12 PDT"]
[Termination "Game drawn by repetition"]

1. e4 c6 2. d4 d5 3. e5 Bf5 4. h4 h5 5. Bd3 Bxd3 6. Qxd3 Qa5+ 7. Nd2 e6 8. Nf3 Ne7 9. O-O Qa6 10. c4 Nf5 11. b3 Be7 12. g3 O-O 13. a4 Rd8 14.
Ba3 Bxa3 15. Rxa3 Nd7 16. Qc3 dxc4 17. bxc4 b6 18. Ne4 Qb7 19. Nfg5 c5 20. Qf3 cxd4 21. Nf6+ gxf6 22. Qxb7 fxg5 23. hxg5 Nxe5 24. Qe4 Nxc4 25. Rd3 Rac8 26. g6 fxg6 27. Qxe6+ Kg7 28. Rc1 Ncd6 29. Rxc8 Nxc8 30. Qe5+ Kg8 31. Qc7 Re8 32. Qd7 Ncd6 33. Qxa7 Nc4 34. Qd7 Kf8 35. Qc6 Ne5 36. Qf6+ Kg8 37.
Rd1 d3 38. Qxb6 d2 39. Qb3+ Kg7 40. a5 Nd4 41. Qb7+ Kh6 42. Rxd2 Nef3+ 43. Kg2 Nxd2 44. a6 N4f3 45. a7 Re1 46. Qxf3 Nxf3 47. a8=Q Ng5 48. Qh8+ Nh7 49. Qd4 Re7 50. Qf4+ Kg7 51. Qd6 Rf7 52.
f4 Nf6 53. Qd4 Kg8 54. Kf3 Kh7 55. Qc4 Kg7 56. Qe6 Ng4 57. Kg2 Nh6 58. Kh3 Nf5 59.
Qe5+ Kg8 60. Qe8+ Kg7 61. g4 hxg4+ 62. Kxg4 Nh6+ 63. Kf3 Nf5 64. Qe5+ Kg8 65. Kg4 Nh6+ 66.
Kh4 Kh7 67. Kg3 Nf5+ 68. Kf3 Nh6 69. Qe6 Kg7 70. Ke4 Nf5 71. Qe5+ Kg8 72. Kd5 Rd7+ 73. Kc6 Re7 74. Qd5+ Kg7 75. Qf3 Re6+ 76. Kd5 Re7 77. Qc3+ Kf7 78. Qb3 Kg7 79. Kc6 Kf6 80. Qb2+ Kf7 81.
Qh2 Kf6 82. Qh8+ Kf7 83. Qh7+ Kf6 84. Qh8+ Kf7 85. Qd8 Kg7 86. Kd5 Kf7 87. Qb8 Kg7 88. Qc8 Kf7 89. Kc4 Kg7 90. Kd3 Kf7 91. Qc3 Kg8 92.
Qc4+ Kg7 93. Kd2 Kh7 94. Qc5 Kg7 95. Qd5 Kf6 96. Qc6+ Kg7 97. Qc8 Kf7 98. Kd3 Kg7 99. Qc2 Kf7 100. Qc4+ Kg7 101. Qc3+ Kf7 102. Qb3+ Kg7 103. Qb2+ Kf7 104. Qa2+ Kg7 105. Qa1+ Kf7 106. Qh1 Kg7 107. Qa1+ Kf7 108. Qa8 Kg7 109. Qa1+ 1/2-1/2

[Event "Early-Titled-Tuesday-Blitz-July-09-2024"]
[Site "Chess.com"]
[Date "2024.07.09"]
[Round "4"]
[White "gshwbedhkhd"]
[Black "RobertoJBM"]
[Result "0-1"]
[WhiteElo "2585"]
[BlackElo "2860"]
[TimeControl "180+1"]
[EndTime "8:34:30 PDT"]
[Termination "RobertoJBM won by resignation"]

1. e4 c6 2. Nf3 d5 3. Nc3 dxe4 4.
Nxe4 Bg4 5. h3 Bxf3 6. Qxf3 Nd7 7. d4 Ndf6 8. Ng3 Qxd4 9. c3 Qd5 10. Qf4 e6 11. Bc4 Qd6 12. Qf3 Qe5+ 13. Be3 Bc5 14. O-O Bxe3 15. Rfe1 Qf4 16. Rxe3 Qxc4 17. Rd1 Ne7 18.
Rd4 Qc5 19. b4 Qb6 20. Ne2 Rd8 21. Rxd8+ Qxd8 22. Nd4 0-1

[Event "Early-Titled-Tuesday-Blitz-July-09-2024"]
[Site "Chess.com"]
[Date "2024.07.09"]
[Round "4"]
[White "Andrey-Ivanov2011"]
[Black "PapaieDudu"]
[Result "0-1"]
[WhiteElo "2157"]
[BlackElo "2404"]
[TimeControl "180+1"]
[EndTime "8:34:43 PDT"]
[Termination "PapaieDudu won by resignation"]

1. d4 d5 2. c4 e6 3. Nc3 Nf6 4.
cxd5 exd5 5. Bg5 Be7 6. e3 O-O 7. Bd3 h6 8. Bf4 c5 9. h3 cxd4 10. exd4 Nc6 11. Nf3 Qb6 12. O-O Qxb2 13. Na4 Qa3 14.
Rb1 Nb4 15. Bc1 Qxd3 16. Qxd3 Nxd3 0-1

[Event "Early-Titled-Tuesday-Blitz-July-09-2024"]
[Site "Chess.com"]
[Date "2024.07.09"]
[Round "4"]
[White "Ranindu2003"]
[Black "j_coca"]
[Result "1-0"]
[WhiteElo "2679"]
[BlackElo "2414"]
[TimeControl "180+1"]
[EndTime "8:35:08 PDT"]
[Termination "Ranindu2003 won by resignation"]

1. e4 g6 2. d4 Bg7 3. Nc3 d6 4. Nf3 Nc6 5. d5 Nb8 6. Bc4 e5 7. dxe6 fxe6 8. O-O Nc6 9. a3 Ne5 10. Nxe5 Bxe5 11. f4 Bg7 12. f5 exf5 13. exf5 Qh4 14.
Rf4 Qe7 15. Nd5 Qd7 16. f6 1-0